 Dungeon Crawl Stone Soup version 0.27-a0-1188-g73eefd5def (webtiles) character file.

Game seed: 13682531979758547304

93 karrick the Sneak (level 4, -1/35 HPs)
             Began as a Draconian Enchanter on May 20, 2021.
             Slain by a kobold
             ... wielding a +0 whip
              (2 damage)
             ... on level 3 of the Dungeon.
             The game lasted 00:05:49 (3555 turns).

karrick the Sneak (Draconian Enchanter)             Turns: 3555, Time: 00:05:50

Health: -1/35      AC:  5    Str: 10    XL:     4   Next: 36%
Magic:  7/7        EV: 12    Int: 15    God:
Gold:   126        SH:  0    Dex: 13    Spells: 6/7 levels left

rFire    . . .     SeeInvis .   a - +1 dagger
rCold    . . .     Faith    .   (no shield)
rNeg     . . .     Spirit   .   (armour unavailable)
rPois    .         Reflect  .   (helmet restricted)
rElec    .         Harm     .   (no cloak)
rCorr    .         Rampage  .   (no gloves)
Will     .....                  (no boots)
Stlth    ++........             (no amulet)
HPRegen  0.11/turn              (no ring)
MPRegen  0.10/turn              (no ring)

@: no status effects
A: AC +5, unfitting armour, cold-blooded
a: no special abilities


You were on level 3 of the Dungeon.
You visited 1 branch of the dungeon, and saw 3 of its levels.

You collected 126 gold pieces.

Inventory:

Hand Weapons
 a - a +1 dagger (weapon)
 k - a +0 rapier
Jewellery
 m - an amulet of faith
Scrolls
 d - a scroll of amnesia {unknown}
 f - a scroll of noise {unknown}
 j - 3 scrolls of magic mapping {unknown}
 l - a scroll of identify {unknown}
 n - a scroll of teleportation {unknown}
Potions
 b - a potion of heal wounds
 c - a potion of lignification {unknown}
 e - a potion of ambrosia {unknown}
 g - a potion of might {unknown}
 h - a potion of magic {unknown}
 i - a potion of attraction {unknown}
 o - a potion of haste {unknown}


   Skills:
 + Level 1.0 Fighting
 + Level 2.2 Short Blades
 + Level 2.4 Dodging
 + Level 3.5 Stealth
 + Level 2.1 Spellcasting
 + Level 3.0 Hexes


You had 6 spell levels left.
You knew the following spells:

 Your Spells              Type           Power      Damage    Failure   Level
a - Corona                Hex            11%        N/A       6%          1

Your spell library contained the following spells:

 Spells                   Type           Power      Damage    Failure   Level
 Ensorcelled Hibernation  Hex/Ice        12%        N/A       19%         2
 Confusing Touch          Hex            10%        N/A       19%         3
 Tukima's Dance           Hex            10%        N/A       19%         3
 Dazzling Flash           Conj/Hex       12%        N/A       34%         3


Dungeon Overview and Level Annotations

Branches:
Dungeon (3/15)

Altars:

Shops:
D:2 ?   D:3 [[==


Innate Abilities, Weirdness & Mutations

Your plain brown scales are hard. (AC +5)
You cannot fit into any form of body armour.
You are cold-blooded and may be slowed by cold attacks.


Message History

Found a stone staircase leading down.
You closely miss the kobold. You barely miss the kobold.
The kobold barely misses you.
You hit the quokka.
Your tail-slap misses the quokka.
The quokka is severely wounded.
The kobold hits you with a +0 whip. The quokka bites you.
You hit the quokka but do no damage.
The quokka is severely wounded.
The kobold hits you but does no damage. The quokka closely misses you.
You hit the quokka but do no damage.
The quokka is severely wounded.
The kobold barely misses you. The quokka barely misses you.
You hit the quokka.
The quokka is almost dead.
The ogre hits you with a +0 giant club. The quokka bites you.
The kobold barely misses you.
You hit the quokka.
You kill the quokka!
The kobold closely misses you. The ogre barely misses you.
You hit the ogre.
The ogre is lightly wounded.
The kobold barely misses you.
You hit the ogre.
The ogre is lightly wounded.
The ogre barely misses you. The kobold closely misses you.
You hit the ogre.
Your tail-slap misses the ogre.
The ogre is moderately wounded.
The ogre hits you with a +0 giant club!!
Ouch! That really hurt!
* * * LOW HITPOINT WARNING * * *
You are too injured to fight recklessly!
You are too injured to fight recklessly!
You are too injured to fight recklessly!
You are too injured to fight recklessly!
You are too injured to fight recklessly!
You are too injured to fight recklessly!
You are too injured to fight recklessly!
You are too injured to fight recklessly!
The kobold hits you with a +0 whip.
You die...

..#.∩.# ..[...#
############# ....#.#
##.)...#.....##
......#
##.............#
......#
#...............
......#
#.............>.
......#
#......O†.......
.....##
#.......K.......
....##
#.......@.......
#####
##.............#
#######.†..........##
##........####.######
###..####.).# #.#
#...## #.#.# #.#
..### #....# #.# ####
...#### #.# .... ....


You could see an ogre and a kobold.

Vanquished Creatures
  An adder (D:2)
  A worm (D:2)
  2 dart slugs
  9 orcs
  4 endoplasms
  A giant cockroach (D:2)
  3 goblins
  8 hobgoblins
  4 jackals (D:2)
  A quokka (D:3)
  5 ball pythons
  6 bats
  9 frilled lizards
  4 kobolds
  7 rats
65 creatures vanquished.

Vanquished Creatures (others)
  A plant (D:1)
1 creature vanquished.

Grand Total: 66 creatures vanquished

Notes
Turn   | Place    | Note
-------+----------+-------------------------------------------
     0 | D:1      | karrick the Draconian Enchanter began the quest for the
                  | Orb.
     0 | D:1      | Reached XP level 1. HP: 14/14 MP: 3/3
   206 | D:1      | Reached XP level 2. HP: 20/20 MP: 5/5
   226 | D:1      | Found a faded altar of an unknown god.
  1424 | D:2      | Reached XP level 3. HP: 18/26 MP: 6/6
  2239 | D:2      | Found Goampen's Magic Scroll Boutique.
  2627 | D:3      | Found Peitiret's Jewellery Emporium.
  2672 | D:3      | Found Keobbyli's Antique Armour Shoppe.
  2876 | D:3      | Reached XP level 4. HP: 33/34 MP: 7/7
  2909 | D:3      | Found Ojaol's Antique Armour Emporium.
  2949 | D:3      | Reached skill level 1 in Fighting
  3481 | D:3      | Found Esti Awk's Jewellery Boutique.
  3543 | D:3      | Noticed an ogre
  3554 | D:3      | HP: 1/35 [ogre/+0 giant club (24)]
  3555 | D:3      | Slain by a kobold

Illustrated notes

Levels and vault maps discovered:
D:1:      sevenhm_arrival_forest_fort_small_4, layout_basic,
          ebering_ecumenical_altar_box, fountainhead, minmay_lizard_king
D:2:      layout_rooms, serial_shops, shop
D:3:      layout_rooms, serial_shops, nicolae_shop_stone, shop,
          nicolae_shop_behind_doors, nicolae_shop_trees, shop,
          kennysheep_generic_room_4

Skill      XL: |  1  2  3  4 |
---------------+-------------+-----
Hexes          | 3 |  3.0
Stealth        | 3 |  3.5
Dodging        | 2 |  2.4
Short Blades   | 2 |  2.2
Fighting       | 1 |  1.0
Spellcasting   | |  2.1

Action                   |  1- 3 |  4- 6 || total
-------------------------+-------+-------++-------
Melee: Dagger            |   213 |    68 ||   281
       Tailslap          |    23 |     7 ||    30
 Cast: Corona            |     8 |     2 ||    10
  Use: Potion            |       |     1 ||     1
 Stab: Sleeping          |     5 |     3 ||     8
Armor: Skin              |    59 |    36 ||    95
Dodge: Dodged            |   137 |    64 ||   201

Table legend: (Time is in decaauts)
 A = Elapsed time spent in this place.
 B = Non-inter-level travel time spent in this place.
 C = Inter-level travel time spent in this place.
 D = Time resting spent in this place.
 E = Time spent auto-exploring this place.
 F = Levels seen in this place.
 G = Mean time per level.
                   A        B        C        D        E       F      G
               +--------+--------+--------+--------+--------+-----+--------+
         Total |   3543 |   3451 |     92 |    227 |   2664 |   3 | 1181.0 |
       Dungeon |   3543 |   3451 |     92 |    227 |   2664 |   3 | 1181.0 |
               +--------+--------+--------+--------+--------+-----+--------+

Top non-repeatable levels by time:
     D:1: 1415 daAuts
     D:2: 1411 daAuts
     D:3: 716 daAuts
